 Dungeon Crawl Stone Soup version 0.27-a0-95-g5a9077b8ae (webtiles) character file.

Game seed: 3760584631395661266

739 Mitsuki the Ruffian (level 7, -1/106 HPs)
             Began as a Troll Berserker on Jan 18, 2021.
             Was a Priest of Trog.
             Slain by an orc warrior
             ... wielding a +0 hand axe
              (11 damage)
             ... on level 6 of the Dungeon.
             The game lasted 00:09:31 (4131 turns).

Mitsuki the Ruffian (Troll Berserker)               Turns: 4131, Time: 00:09:31

Health: -1/106     AC:  6    Str: 26    XL:     7   Next: 46%
Magic:  6/6        EV: 11    Int:  4    God:    Trog [***...]
Gold:   309        SH:  0    Dex: 10    Spells: 6/6 levels left

rFire    . . .     SeeInvis .     - Unarmed
rCold    . . .     Faith    .   (no shield)
rNeg     . . .     Spirit   .   a - +0 animal skin
rPois    .         Reflect  .   (helmet restricted)
rElec    .         Harm     .   (no cloak)
rCorr    +         Rampage  .   (gloves unavailable)
Will     ++...                  (boots unavailable)
Stlth    ..........             (no amulet)
HPRegen  1.67/turn              (no ring)
MPRegen  0.10/turn              n - ring of resist corrosion

@: berserking (expiring), regenerating, very quick
A: large, unfitting armour, claws 3, regeneration 1, shaggy fur 1, tough skin 3
a: Renounce Religion, Berserk, Trog's Hand


You were on level 6 of the Dungeon.
You worshipped Trog.
Trog was most pleased with you.
You visited 1 branch of the dungeon, and saw 6 of its levels.

You collected 309 gold pieces.

Inventory:

Armour
 a - a +0 animal skin (worn)
Jewellery
 d - an uncursed ring of fire
 n - a ring of resist corrosion (right claw)
 w - an uncursed ring of wizardry {unknown}
Wands
 t - a wand of paralysis (1)
 x - a wand of iceblast (8)
Scrolls
 c - 5 scrolls of remove curse {unknown}
 e - 5 scrolls of identify {unknown}
 f - 2 scrolls of noise {unknown}
 g - 7 scrolls of teleportation {unknown}
 h - 3 scrolls of enchant armour {unknown}
 i - a scroll of blinking {unknown}
 k - 3 scrolls of amnesia {unknown}
 y - a scroll of magic mapping {unknown}
 z - a scroll of random uselessness {unknown}
 A - a scroll of enchant weapon {unknown}
Potions
 b - 2 potions of heal wounds {unknown}
 j - a potion of lignification {unknown}
 l - 2 potions of mutation {unknown}
 m - 3 potions of degeneration {unknown}
 o - 3 potions of attraction {unknown}
 p - a potion of magic {unknown}
 q - 4 potions of brilliance {unknown}
 r - 4 potions of haste {unknown}
 s - a potion of invisibility {unknown}
 u - a potion of might {unknown}
 v - a potion of flight {unknown}


   Skills:
 + Level 4.4 Fighting
 - Level 0.1 Armour
 + Level 4.3 Dodging
 + Level 5.3 Unarmed Combat
 + Level 2.0 Evocations


You had 6 spell levels left.
You didn't know any spells.
Your spell library was empty.

Dungeon Overview and Level Annotations

Branches:
Dungeon (6/15)
 Temple: D:4-7

Altars:
Fedhas
Wu Jian
Xom
Zin


Innate Abilities, Weirdness & Mutations

You are too large for most types of armour.
You have claws for hands.
Your natural rate of healing is unusually fast.
You are covered in fur. (AC +1)
You have extremely tough skin. (AC +3)


Message History

You scratch the orc warrior.
The orc warrior is lightly wounded.
The orc warrior hits you with a +0 hand axe!
* * * LOW HITPOINT WARNING * * *
You take 6 damage, and have 6/106 hp.
You closely miss the orc warrior.
The orc warrior is lightly wounded.
The bullfrog zombie hits you but does no damage.
The ooze hits you but does no damage.
You closely miss the orc warrior.
The orc warrior is lightly wounded.
The orc warrior hits you but does no damage.
The bullfrog zombie barely misses you. The ooze barely misses you.
You claw the orc warrior!
The orc warrior is heavily wounded.
The bullfrog zombie barely misses you.
You barely miss the orc warrior.
The orc warrior is heavily wounded.
The orc warrior hits you with a +0 hand axe!
You die...

.. ##... .
#.##.... ... ..
#.#....#....
...##......#._..
................
.........#......
.......)Z.......
.......@o.....#
......J)[..<..#
............!...
............#...
................
.....?.##......o
...>... ##.....
...$#.. .....
...##. .....


You could see an orc warrior, an ooze and a bullfrog zombie.

Vanquished Creatures
  2 ogres
  A sky beast (D:5)
  2 orc priests (D:6)
  2 hounds (D:4)
  2 iguanas (D:5)
  2 worker ants (D:4)
  Ijyb (D:3)
  2 orc wizards (D:3)
  Robin (D:3)
  5 adders
  An ooze (D:3)
  An adder zombie (D:4)
  5 worms
  2 dart slugs (D:1)
  2 leopard geckos
  7 orcs
  2 ball pythons
  4 bats
  5 giant cockroaches
  8 hobgoblins
  2 quokkas (D:2)
  8 frilled lizards
  24 goblins
  3 jackal skeletons
  3 kobolds
  A quokka skeleton (D:4)
  6 rats
104 creatures vanquished.

Vanquished Creatures (others)
  A plant (D:4)
1 creature vanquished.

Grand Total: 105 creatures vanquished

Notes
Turn   | Place    | Note
-------+----------+-------------------------------------------
     0 | D:1      | Mitsuki the Troll Berserker began the quest for the Orb.
     0 | D:1      | Reached XP level 1. HP: 22/22 MP: 0/0
   251 | D:1      | Reached XP level 2. HP: 24/29 MP: 1/1
   766 | D:2      | Found a blossoming altar of Fedhas.
   842 | D:2      | Found an ornate altar of the Wu Jian Council.
   865 | D:2      | Reached XP level 3. HP: 31/36 MP: 2/2
  1403 | D:2      | Reached ** piety under Trog
  1760 | D:3      | Reached XP level 4. HP: 39/45 MP: 3/3
  1778 | D:3      | Reached skill level 4 in Unarmed Combat
  2111 | D:3      | Noticed Ijyb
  2114 | D:3      | Paralysed by Ijyb for 2 turns
  2121 | D:3      | Killed Ijyb
  2122 | D:3      | Reached XP level 5. HP: 50/53 MP: 4/4
  2242 | D:3      | Noticed Robin
  2292 | D:3      | Killed Robin
  2443 | D:4      | Noticed an ogre
  2483 | D:4      | Killed an ogre
  2483 | D:4      | Reached *** piety under Trog
  2484 | D:4      | Reached XP level 6. HP: 34/62 MP: 5/5
  2713 | D:4      | Reached skill level 1 in Evocations
  3474 | D:4      | Found a glowing silver altar of Zin.
  3627 | D:5      | Entered Level 5 of the Dungeon
  3679 | D:5      | Noticed a sky beast
  3686 | D:5      | Killed a sky beast
  3687 | D:5      | Reached skill level 5 in Unarmed Combat
  3687 | D:5      | Reached XP level 7. HP: 62/70 MP: 6/6
  4098 | D:6      | Found a shimmering altar of Xom.
  4131 | D:6      | Slain by an orc warrior

Illustrated notes

Levels and vault maps discovered:
D:1:      wander_arrival_fairy_ring, layout_basic
D:2:      minmay_razor_zed, layout_basic, lemuel_round_altar,
          lemuel_doored_altar
D:3:      layout_loops_ring, uniq_robin, uniq_ijyb
D:4:      layout_layer_cave, zin_scriptorium, serial_forest,
          infiniplex_forest_straight_5, infiniplex_forest_diagonal,
          infiniplex_forest_3_way, infiniplex_forest_lined_3,
          infiniplex_forest_3_way, infiniplex_forest_clump_diagonal,
          infiniplex_forest_clump_small
D:5:      layout_cave_pools, minmay_ogre_servants
D:6:      layout_cave_pools, brannock_xom_greatest_gift

Skill      XL: |  1  2  3  4  5  6  7 |
---------------+----------------------+-----
Fighting       | 3 4 |  4.4
Dodging        | 3 4 |  4.3
Unarmed Combat | 4 5 |  5.3
Evocations     | 1 2 |  2.0
Armour         | |  0.1

Action                   |  1- 3 |  4- 6 |  7- 9 || total
-------------------------+-------+-------+-------++-------
Melee: Unarmed           |   127 |   133 |    46 ||   306
       Punch             |     2 |     2 |     1 ||     5
Invok: Berserk           |       |       |     2 ||     2
       Trog's Hand       |       |       |     1 ||     1
Evoke: Wand              |       |     2 |       ||     2
 Stab: Sleeping          |     1 |       |       ||     1
Armor: Animal skin       |    41 |    32 |    22 ||    95
Dodge: Dodged            |    64 |    61 |    33 ||   158

Table legend: (Time is in decaauts)
 A = Elapsed time spent in this place.
 B = Non-inter-level travel time spent in this place.
 C = Inter-level travel time spent in this place.
 D = Time resting spent in this place.
 E = Time spent auto-exploring this place.
 F = Levels seen in this place.
 G = Mean time per level.
                   A        B        C        D        E       F      G
               +--------+--------+--------+--------+--------+-----+--------+
         Total |   4110 |   3976 |    134 |      1 |   3431 |   6 |  685.0 |
       Dungeon |   4110 |   3976 |    134 |      1 |   3431 |   6 |  685.0 |
               +--------+--------+--------+--------+--------+-----+--------+

Top non-repeatable levels by time:
     D:4: 1175 daAuts
     D:2: 963 daAuts
     D:3: 740 daAuts
     D:1: 729 daAuts
     D:5: 472 daAuts
     D:6: 28 daAuts
